 Dungeon Crawl Stone Soup version 0.18.1-48-g4cf74bf (webtiles) character file.

144 Zapata the Chopper (level 5, -4/45 HPs)
             Began as a Minotaur Berserker on July 16, 2016.
             Was a Priest of Trog.
             Slain by an orc
             ... wielding a +0 trident
              (5 damage)
             ... on level 3 of the Dungeon.
             The game lasted 00:02:29 (1638 turns).

Zapata the Chopper (Minotaur Berserker)             Turns: 1638, Time: 00:02:30

Health: -4/45      AC:  6    Str: 20 (22) XL:     5   Next: 5%
Magic:  4/4        EV: 11    Int:  8 (9)  God:    Trog [***...]
Gold:   60         SH:  0    Dex:  8 (10) Spells: 0 memorised, 4 levels left

rFire  . . .     SeeInvis .     a - +0 hand axe
rCold  . . .     Gourm    .     o - +0 ring mail
rNeg   . . .     Faith    .     (no shield)
rPois  .         Spirit   .     (helmet restricted)
rElec  .         Dismiss  .     (no cloak)
rCorr  .         Reflect  .     (no gloves)
SustAt .         Harm     .     m - +0 pair of boots
MR     .....                    (no amulet)
Stlth  ..........               (no ring)
                                (no ring)

@: brilliant, exhausted, slowed, very slow, not resistant to hostile
enchantments, extremely unstealthy
A: retaliatory headbutt, horns 2
a: Berserk, Trog's Hand, Burn Spellbooks, Renounce Religion


You were on level 3 of the Dungeon.
You worshipped Trog.
Trog was most pleased with you.
You were very hungry.

You visited 1 branch of the dungeon, and saw 3 of its levels.

You collected 60 gold pieces.

Inventory:

Hand Weapons
 a - a +0 hand axe (weapon)
Armour
 m - a +0 pair of boots (worn)
 o - a +0 ring mail (worn)
Wands
 n - a wand of polymorph (10/24)
Scrolls
 d - a scroll of enchant armour {unknown}
 e - 3 scrolls of identify {unknown}
 f - a scroll of enchant weapon {unknown}
 j - a scroll of amnesia {unknown}
 l - 3 scrolls of teleportation {unknown}
Potions
 h - a potion of brilliance
Comestibles
 c - 4 bread rations
 i - 3 fruits


   Skills:
 - Level 3.6 Fighting
 + Level 7.0 Axes
 - Level 2.4 Armour
 - Level 2.1 Dodging


You had 4 spell levels left.
You didn't know any spells.

Dungeon Overview and Level Annotations

Branches:
Dungeon (3/15)

Altars:

Annotations:
D:3 Grinder


Innate Abilities, Weirdness & Mutations

You reflexively headbutt those who attack you in melee.
You have a pair of horns on your head.


Message History

The orc closely misses you. You furiously retaliate!
You headbutt the orc!
You kill the orc!
Trog accepts your kill. The orc barely misses you.
You barely miss the worm.
The worm is severely wounded.
The orc hits you but does no damage. The worm misses you.
You hit the worm but do no damage. You headbutt the worm!
You kill the worm!
Trog accepts your kill.
Your Axes skill increases to level 7!
The orc hits you but does no damage. The orc hits you with a trident.
* * * LOW HITPOINT WARNING * * *
The orc closely misses you.
You see here a worm corpse.
You hit the orc. Your headbutt misses the orc.
The orc is moderately wounded.
The orc hits you with a trident.
You die...

#.. ###### #...# #..#
#....# ###†... #..#
....###....[# ####..#
.............
..[...####.#.........#
#####..........#)###....
#........†.............#
##...)...#.##.........
....#.@####....###....#
## #o.# #..####..##.#
#...# #)###...###..
#.#>####.###.### #.#
..#.#........# #.#
#.......#.##### #.#
.......##.# .# ..#.#.##
#.# # #.#


You could see an orc.

Vanquished Creatures
  An orc priest (D:3)
  4 gnolls (D:2)
  An ooze (D:2)
  A worm (D:3)
  4 dart slugs (D:2)
  4 giant geckos
  3 orcs (D:3)
  4 giant cockroaches (D:1)
  2 goblins
  5 hobgoblins
  A quokka (D:2)
  2 ball pythons
  7 bats
  11 giant newts
  3 kobolds
  8 rats
61 creatures vanquished.

Notes
Turn   | Place    | Note
--------------------------------------------------------------
     0 | D:1      | Zapata the Minotaur Berserker began the quest for the Orb.
     0 | D:1      | Reached XP level 1. HP: 19/19 MP: 0/0
   345 | D:1      | Reached skill level 4 in Axes
   512 | D:1      | Reached XP level 2. HP: 26/26 MP: 1/1
   864 | D:1      | Reached ** piety under Trog
   864 | D:1      | Reached skill level 5 in Axes
  1009 | D:1      | Reached XP level 3. HP: 31/31 MP: 2/2
  1347 | D:2      | Reached skill level 6 in Axes
  1347 | D:2      | Reached XP level 4. HP: 39/39 MP: 3/3
  1606 | D:3      | Noticed Grinder
  1626 | D:3      | Reached XP level 5. HP: 22/45 MP: 4/4
  1634 | D:3      | Reached *** piety under Trog
  1636 | D:3      | Reached skill level 7 in Axes
  1637 | D:3      | HP: 1/45 [orc/trident (6)]
  1638 | D:3      | Slain by an orc

Skill      XL: |  1  2  3  4  5 |
---------------+----------------+-----
Axes           | 4 5 6 7 |  7.0
Fighting       | |  3.6
Armour         | |  2.4
Dodging        | |  2.1

Action                   |  1- 3 |  4- 6 || total
-------------------------+-------+-------++-------
Melee: Hand axe          |    92 |    33 ||   125
       Headbutt          |    12 |    12 ||    24
Invok: Berserk           |     1 |     1 ||     2
  Use: Potion            |       |     4 ||     4
 Stab: Sleeping          |       |     2 ||     2
  Eat: Chunk             |     1 |     2 ||     3
Armor: Animal skin       |     8 |     2 ||    10
       Ring mail         |       |     3 ||     3
Dodge: Dodged            |    68 |    28 ||    96
